Cogmind - Beta 9.2 @@@ ROGUE MODE // 2019.12.04 @ 20:41:21 Player: Zinc Result: Destroyed by Y-45 Defender with Beam Rifle Performance ------------- Evolutions (1) 500 Regions Visited (2) 400 Robots Destroyed (46) 230 Value Destroyed (1017) 1017 Prototype IDs (2) 40 Alien Tech Used (0) 0 Bonus (0) 0 TOTAL SCORE: 2187 Bonus ------- None Cogmind --------- Core Integrity 0/400 Matter 201/300 Energy 250/250 System Corruption 5% Temperature Cool (9) Movement Treading (160) Location -9/Materials Parts ------- > --- POWER (1) -------- Ion Engine > --- PROPULSION (2) --- Light Treads Light Treads > --- UTILITY (4) ------ Medium Storage Unit Medium Storage Unit Medium Storage Unit Weapon Shielding > --- WEAPON (2) ------- Heavy Assault Rifle Shotgun > --- INVENTORY (16) --- Ion Engine Light Nuclear Core Light Treads Compact Wheel Improved Sensor Array Transport Network Coupler Hacking Suite Hacking Suite Hacking Suite Heavy EM Pulse Gun Small Laser Small Laser Heavy Assault Rifle Grenade Launcher Rocket Launcher Peak State ------------ > --- POWER ------------ Ion Engine > --- PROPULSION ------- Light Treads Light Treads > --- UTILITY ---------- Medium Storage Unit Medium Storage Unit Medium Storage Unit Weapon Shielding > --- WEAPON ----------- Heavy Assault Rifle Shotgun > --- INVENTORY -------- Ion Engine Light Nuclear Core Light Treads Compact Wheel Transport Network Coupler Hacking Suite Hacking Suite Hacking Suite Small Laser Small Laser Grenade Launcher Rocket Launcher [Rating: 13] Favorites ----------- Power Ion Engine Engine Ion Engine Propulsion Light Treads Treads Light Treads Leg Aluminum Leg Wheel Wheel Utility Medium Storage Unit Storage Medium Storage Unit Protection Weapon Shielding Weapon Small Laser Energy Gun Small Laser Ballistic Gun Light Assault Rifle Build | -11 -10 -9 ------- Run | Scr Mat Mat Slots Evolved 2 | . . 2 Power . | . . . Propulsion . | . . . Utility 2 | . . 2 Weapon . | . . . Parts Attached 33 | 1 19 13 Power 2 | . 1 1 Engine 2 | . 1 1 Core . | . . . Reactor . | . . . Propulsion 10 | . 6 4 Treads 9 | . 5 4 Leg . | . . . Wheel 1 | . 1 . Hover . | . . . Flight . | . . . Utility 5 | 1 2 2 Device . | . . . Storage 4 | 1 2 1 Processor . | . . . Hackware . | . . . Protection 1 | . . 1 Artifact . | . . . Weapon 16 | . 10 6 Energy Gun 12 | . 9 3 Energy Cannon . | . . . Ballistic Gun 4 | . 1 3 Ballistic Cannon . | . . . Launcher . | . . . Special Weapon . | . . . Impact Weapon . | . . . Slashing Weapon . | . . . Piercing Weapon . | . . . Special Melee Weapon . | . . . Unidentified Prototypes . | . . . Parts Lost 12 | . 3 9 Power 1 | . . 1 Propulsion 2 | . . 2 Utility . | . . . Weapon 9 | . 3 6 Highest Loss Streak 6 | . 2 6 Average Slot Usage (%) 95 | . 99 87 Engine 12 | . 14 10 Treads 25 | . 27 20 Storage 29 | . 28 32 Protection 2 | . . 6 Energy Gun 17 | . 22 7 Ballistic Gun 6 | . 5 10 Naked Turns . | . . . Heaviest Build 36 | 15 26 36 Greatest Support 40 | 20 40 40 Greatest Overweight (x) 4 | . 4 1 Average Overweight (x) . | . . . Largest Inventory Capacity 16 | 8 12 16 Average Capacity 12 | 6 10 15 Most Carried 15 | 6 12 15 Average Carried 9 | 6 9 10 Final Capacity 16 | 8 12 16 Final Carried 15 | 6 12 15 Class Distribution -------------------- 100% | Mutant Dominant Class ---------------- Mutant | -10/Materials Mutant | -9/Materials Resources | -11 -10 -9 ----------- Run | Scr Mat Mat Matter Collected 689 | 203 235 251 Remotely . | . . . Salvage Created 1508 | 96 869 543 Parts 96 | 3 56 37 Haulers Intercepted . | . . . Recyclers Shooed 2 | . 1 1 Parts Field Recycled . | . . . Retrieved Matter . | . . . Parts Self-Destructed . | . . . Prevented . | . . . Kills | -11 -10 -9 ------- Run | Scr Mat Mat Combat Hostiles Destroyed 28 | . 13 15 Melee 1 | . . 1 Guns 25 | . 11 14 AOE 2 | . 2 . Classes Destroyed 8 | 1 6 1 Worker 1 | . 1 . Builder 3 | . 3 . Recycler 5 | 1 4 . Operator 6 | . 5 1 Watcher 3 | . 2 1 Swarmer 9 | . 5 4 Grunt 17 | . 8 9 Sentry 2 | . . 2 Best Kill Streak 5 | 1 5 5 Combat Bots Only 4 | . 2 4 Max Kills in Single Turn 3 | 1 3 1 Gunslinging . | . . . Exploded 2 | . 2 . Melee 1 | . . 1 Uniques/NPCs Destroyed . | . . . Combat | -11 -10 -9 -------- Run | Scr Mat Mat Damage Taken 1989 | . 685 1304 Core 496 | . 88 408 Absorbed by Shields . | . . . Core Remaining (%) 82 | 100 64 . Volleys Fired 144 | 3 81 60 Largest 2 | 2 2 2 Hottest 105 | 60 105 105 Shots Fired 253 | 6 159 88 Gun 253 | 6 159 88 Cannon . | . . . Launcher . | . . . Special . | . . . Kinetic 114 | 3 51 60 Thermal 123 | 3 95 25 Explosive . | . . . Electromagnetic 16 | . 13 3 Robot Hit Streak 14 | 5 14 11 Robot Miss Streak 3 | 1 3 3 Penetration Max . | . . . Secondary Targets 3 | . 1 2 Max Gunslinging Chain 1 | . 1 1 Shots Hit Robots 173 | 5 101 67 Core Hits 85 | 2 47 36 Critical Hits . | . . . Critical Kills . | . . . Critical Parts Destroyed . | . . . Melee Attacks . | . . . Impact . | . . . Slashing . | . . . Piercing . | . . . Sneak Attacks . | . . . Combat Hostiles . | . . . Follow-up Attacks . | . . . Damage Inflicted 2381 | 49 1253 1079 Guns 2140 | 49 1098 993 Cannons . | . . . Explosions 209 | . 155 54 Melee . | . . . Ramming 32 | . . 32 Kinetic 957 | 16 227 714 Thermal 1206 | 33 878 295 Explosive . | . . . Electromagnetic 186 | . 148 38 Impact . | . . . Slashing . | . . . Piercing . | . . . Highest Corruption 5 | . . 5 Average Corruption 4 | . . 4 Corruption Purged . | . . . Effects 23 | . . 23 Message Errors 4 | . . 4 Matter Fused 5 | . . 5 Heat Flow Errors 2 | . . 2 Energy Discharges 1 | . . 1 Parts Rejected 1 | . . 1 Data Loss (minor) 2 | . . 2 Targeting Errors 7 | . . 7 Weapon Failures 1 | . . 1 Overload Shots . | . . . Overflow Damage 31 | . . 31 Projectiles . | . . . Explosions 31 | . . 31 Melee . | . . . Knockbacks . | . . . Impact . | . . . Kinetic . | . . . Secondary . | . . . Self-Inflicted Damage 90 | . 52 38 Shots 3 | . 2 1 Rammed 17 | . . 17 Targets Rammed 17 | . . 17 Kicked . | . . . Crushed . | . . . Highest Temperature 364 | 20 364 183 Average Temperature 68 | 15 74 41 Received Heat Transfer 672 | . 225 447 Siege Activations . | . . . Robots Corrupted . | . . . Combat Hostiles . | . . . Parts Fried 1 | . 1 . Impact Corruptions . | . . . Robots Melted . | . . . Combat Hostiles . | . . . Parts Melted 3 | . 2 1 Heat Transferred 2723 | 75 1999 649 Parts Sabotaged . | . . . Parts Stolen . | . . . Parts Stripped . | . . . Power Chain Reactions 3 | . 2 1 Missiles Intercepted . | . . . Alert | -11 -10 -9 ------- Run | Scr Mat Mat Peak Influence 262 | 5 255 262 Average Influence 110 | 3 116 103 Maximum Alert Level 1 | . 1 1 Low Security (%) 92 | 100 88 98 Level 1 7 | . 11 1 Level 2 . | . . . Level 3 . | . . . Level 4 . | . . . Level 5 . | . . . High Security . | . . . Max Security . | . . . Squads Dispatched 7 | . 5 2 Investigation . | . . . Extermination . | . . . Reinforcement 7 | . 5 2 Assault . | . . . Garrison . | . . . Intercept . | . . . Construction Impeded . | . . . Haulers Reinforced . | . . . Stealth | -11 -10 -9 --------- Run | Scr Mat Mat Distress Signals 6 | . 4 2 Communications Jammed . | . . . Distress Signals . | . . . Times Spotted 70 | . 38 32 Peak Tracking Total 6 | . 6 5 Tactical Retreats 5 | . 2 3 Traps | -11 -10 -9 ------- Run | Scr Mat Mat Traps Triggered 5 | . 5 . Indirectly . | . . . Trap Hack Attempts . | . . . Triggered . | . . . Disarmed . | . . . Reprogrammed . | . . . Reused . | . . . Traps Extracted . | . . . Installed . | . . . Triggered . | . . . Machines | -11 -10 -9 ---------- Run | Scr Mat Mat Machines Disabled 3 | . 2 1 Max in Single Turn 1 | . 1 1 Machines Sabotaged . | . . . Garrisons Compromised . | . . . Overloaded Fab Kills . | . . . Fab Network Shutdowns . | . . . Hacking | -11 -10 -9 --------- Run | Scr Mat Mat Machines Accessed 5 | . 2 3 Terminals 5 | . 2 3 Fabricators . | . . . Repair Stations . | . . . Recycling Units . | . . . Scanalyzers . | . . . Garrison Access . | . . . Total Hacks 15 | . 4 11 Successful 5 | . . 5 Failed 10 | . 4 6 Catastrophic 4 | . 2 2 Database Lockouts . | . . . Manual 5 | . 4 1 Terminals 15 | . 4 11 Fabricators . | . . . Repair Stations . | . . . Recycling Units . | . . . Scanalyzers . | . . . Garrison Access . | . . . Terminal Hacks 5 | . . 5 Prototype ID Bank 1 | . . 1 Recall Reinforcements 1 | . . 1 Hauler Manifests 1 | . . 1 Zone Layout 2 | . . 2 Fabricator Hacks . | . . . Repair Station Hacks . | . . . Recycling Unit Hacks . | . . . Scanalyzer . | . . . Garrison Access Hacks . | . . . Unauthorized Hacks 5 | . 4 1 Terminals . | . . . Fabricators . | . . . Repair Stations . | . . . Recycling Units . | . . . Scanalyzers . | . . . Garrison Access . | . . . Data Cores Recovered . | . . . Used . | . . . Hacking Detections 5 | . 2 3 Full Trace Events 2 | . 1 1 Feedback Events 1 | . . 1 Corruption 1 | . . 1 Feedback Blocked . | . . . Robot Schematics Acquired . | . . . Robots Built . | . . . Matter . | . . . Time . | . . . Total Robot Build Rating . | . . . Part Schematics Acquired . | . . . Parts Built . | . . . Matter . | . . . Time . | . . . Total Part Build Rating . | . . . Parts Repaired . | . . . Time . | . . . Parts Recycled . | . . . Recycled Matter . | . . . Retrieved Matter . | . . . Retrieved Components . | . . . Parts Scanalyzed . | . . . Part Schematics Acquired . | . . . Parts Damaged . | . . . Bothacking | -11 -10 -9 ------------ Run | Scr Mat Mat Used RIF Installer . | . . . Robots Hacked . | . . . Non-combat . | . . . Combat . | . . . Robot Hacks Applied . | . . . Relay Couplers Released . | . . . Robots Rewired . | . . . Allies Hacked . | . . . Hacks Repelled . | . . . Allies | -11 -10 -9 -------- Run | Scr Mat Mat Total Allies . | . . . Largest Group . | . . . Highest-Rated Group . | . . . Highest-Rated Ally . | . . . Total Orders . | . . . Ally Attacks . | . . . Total Damage . | . . . Kills . | . . . Allies Corrupted . | . . . Allies Melted . | . . . Intel | -11 -10 -9 ------- Run | Scr Mat Mat Robot Analysis Total . | . . . Derelict Logs Recovered . | . . . Drone Launches . | . . . Drone Recoveries . | . . . Exploration | -11 -10 -9 ------------- Run | Scr Mat Mat Turns Passed 2353 | 26 1525 802 Spaces Moved 1075 | 14 776 285 Core 1 | . 1 . Treads 1060 | . 775 285 Legs 14 | 14 . . Wheels . | . . . Hover . | . . . Flight . | . . . Fastest Speed 120 | 120 160 160 Average Speed 159 | 120 160 160 Slowest Speed 250 | 120 250 180 Overloaded Moves . | . . . Propulsion Burnouts . | . . . Robots Hopped . | . . . Cave-ins Triggered 1 | . . 1 Exploration Rate (%) 45 | 2 94 40 Regions Visited 2 Branch Regions . Pre-discovered Areas . | . . . Known Exits Taken . | . . . Unknown Exits Taken 2 | 1 1 . Scrap Searched . | . . . Spaces Dug . | . . . Terrain Destroyed 8 | . 5 3 Melee . | . . . Projectile . | . . . AOE 8 | . 5 3 Actions | -11 -10 -9 --------- Run | Scr Mat Mat Total 1452 | 17 907 528 Wait 151 | . 9 142 Move 1073 | 13 775 285 Hop . | . . . Pick Up 23 | . 13 10 Fast Attach 16 | 1 10 5 Attach 12 | . 5 7 Detach 1 | . 1 . Swap 5 | . 4 1 Drop 10 | . 9 1 Fire 144 | 3 81 60 Melee . | . . . Ram . | . . . Kick . | . . . Crush 17 | . . 17 Escape Stasis . | . . . Rewire . | . . . Trap . | . . . Miscellaneous . | . . . Route ------- -11/Scrapyard -10/Materials (discovered 3 exits: *Mat x2 / [*Min]) -9/Materials (discovered 2 exits: [*Min x2]) History --------- Turn | Location | Event 10 | -11/Scrapyard | Discovered new exit (range 3) 27 | -11/Scrapyard | Entered Materials 278 | -10/Materials | Discovered new exit (range 5) 302 | -10/Materials | Build established: Mutant 849 | -10/Materials | Discovered new exit (range 7) 1295 | -10/Materials | Discovered new exit (range 15) 1552 | -10/Materials | Entered another Materials area 1552 | -9/Materials | Evolved 2 slots: Utility x2 1655 | -9/Materials | Crushed by falling debris 1655 | -9/Materials | Core integrity fell below 50% 1686 | -9/Materials | Lost 6 parts (1p1n4w) 1832 | -9/Materials | Core integrity fell below 20% 2222 | -9/Materials | Discovered new exit (range 12) 2300 | -9/Materials | Discovered new exit (range 15) 2354 | -9/Materials | Destroyed by Y-45 Defender with Beam Rifle Last Messages --------------- A-02 Transporter 3x Med. Storage Unit A-02 Transporter 5x Imp. EM Shotgun (2 escorts) A-02 Transporter 5x VTOL Module A-02 Transporter 6x Imp. Flight Unit Feedback: System corruption (+1%). 02300_ EXIT=FOUND 02302_ C-30 ARC bursts open, deploying its payload. 02302_ G-47 Trooper unfolds itself. 02302_ G-34 Mercenary unfolds itself. 02307_ NSTH 2,R >NA/8RX5 ETR9KBDL 02342_ G-47 Trooper destroyed. 02343_ Acquired 42 matter. 02346_ G-34 Mercenary destroyed. 02352_ System corrupted: Component data lost. 02352_ R-06 Scavenger collects Heat Sink. Map ----- +----------------------------------------------------+ | ??????????????????????????????+ | | ??????????????????????????????##+##+##### #### | | ????????????????????????????????????????# #??? | | ??????????????????????????????????????###+#### | | ??????????? # # # # | | ???????????########## # # # """ # | | ????????????#######?# # ###########[ """ # | | ????????????# #?# # #??# # """ # | | ????????????# #?# # #??# """ # # | | ????????????# #?# #######??# """ # # | | ????????????# #?# #????????# """ #+####+# | | ????????????# #?# #????????# # | | ????????????# #?# #????????# + | | ???????????## #?# #????????###+#### | | ???????? ###/##### #####????# | | ???????? ###### | | ???????? <" | | ???????? "%" | | ???????? ##############" """ """ | | ???????????##??????# ##T """"" """"" " | | ???????????#???????# ##" """"" """"" " | | ???????????#???????# ## """"" """"" " | | ???????????######### ## """ """? | | ???????????### ## ## ? | | ???????????## # = ## ? | | ???????????## # @%=## ??? | | ??????????? # ###Y### ??? | | ???????? % ???? | | ?????????T r ###### #???? | | ???????? #????# #???? | | ????????? ###+########## ###### #???? | | ???????????## #?????### ###### #???? | | ???????????## #???????# ###### #???? | | ???????????## #???????# ##### #???? | | ???????????## #???????# ###########???? | | ???????????????????????????? #?????????????? | | ???????????????????????????? #?????????????? | | ???????????????????????????? #?????????????? | | ???????????????????????????? #?????????????? | | ????????????????????????????? #?????????????? | | ?????????????????????????????? ??????????????? | | ?????????????????????????????????????????????? | | ?????????????????????????????????????????????? | | ?????????????????????????????????????????????? | | ?????????????????????????????????????????????? | | ?????????????????????????????????????????????? | | ?????????????????????????????????????????????? | | ?????????????????????????????????????????????? | | ?????????????????????????????????????????????? | | ?????????????????????????????????????????????? | +----------------------------------------------------+ Best States ------------- Heat Dissipation 28 Energy Generation 10 Energy Capacity 250 Matter Stores 300 Matter Capacity 300 Sight Range 16 Terrain Scan Density 10 Weapon Shielding 33 Evasion (%) 40 Recoil Reduction 2 Item Schematics ----------------- None Robot Schematics ------------------ None Fabricated ------------ Nothing Alien Tech Used ----------------- None Achievements -------------- None Challenges ------------ None Game ------ Seed BoreGhostDesublimator Manual? 0 Play Time 00:13:31 Cumulative 74.9 hours Start 2019.12.04 @ 20:27:57 End 2019.12.04 @ 20:41:21 Sessions 1 Manual Loads 0 Difficulty Rogue Special Mode None Game No. 97 Rogue 97 Adventurer 0 Explorer 0 Win Type - Total 2 Types 2/0/0/0/0/0/0 Lore% 61 Gallery% 54 Achievement% 45 Wizard Run 0 Options --------- ASCII 0 Keyboard 0 Movement Mouse Keybinds 0 Fullscreen 2 Font 18/SmallcapsGlow Map View 76x50 Tactical HUD 1 Map Filters NONE Filters NONE Steam 1 RUN: c44c431b-3664-454f-a3c5-6a195347e3bb